 Dungeon Crawl Stone Soup version 0.26-a0-113-gd8a95b691d (webtiles) character file.

Game seed: 13381288966848932995

98243 drasked the Severer (level 16, -2/149 HPs)
             Began as a Hill Orc Monk on June 27, 2020.
             Was the Champion of Beogh.
             Slain by an eight-headed hydra (4 damage)
             ... called by a spriggan druid
             ... on level 2 of the Swamp.
             The game lasted 02:11:00 (26681 turns).

drasked the Severer (Hill Orc Monk)                Turns: 26681, Time: 02:11:00

Health: -2/149     AC: 32    Str: 25    XL:     16   Next: 21%
Magic:  16/16      EV: 11    Int: 13    God:    Beogh [******]
Gold:   2099       SH: 16    Dex: 16    Spells: 15/15 levels left

rFire    + . .     SeeInvis .   l - +0 trident
rCold    + + .     Faith    .   z - +1 kite shield {rC+} {rC+}
rNeg     . . .     Spirit   .   s - +1 gold dragon scales
rPois    +         Reflect  .   p - +2 helmet {Int+3} {Int+3}
rElec    .         Harm     .   M - scarf {+Inv}
rCorr    .                      c - +2 pair of gloves "Casuyrijyo" {Dex+3}
MR       +....                  x - +1 pair of boots
Stlth    ..........             R - amulet of regeneration {+regen, !d}
HPRegen  0.74/turn              C - ring of Tifihy {Str+4 Slay+4}
MPRegen  0.15/turn              a - +4 ring of evasion

@: very slightly contaminated
A: walk on water
a: Smiting, Recall Orcish Followers, Give Item to Named Follower, Resurrection,
Renounce Religion, Evoke Invisibility


You were on level 2 of the Swamp.
You worshipped Beogh.
Beogh was exalted by your worship.
You were not hungry.

You visited 4 branches of the dungeon, and saw 24 of its levels.
You also visited: Bailey and Ice Cave.

You collected 5104 gold pieces.
You spent 3005 gold pieces at shops.

Inventory:

Hand Weapons
 d - a +1 battleaxe of flaming
   (You took it off a death knight on level 13 of the Dungeon)
 l - a +0 trident (weapon)
   (You took it off a naga on level 2 of the Lair of Beasts)
 v - a +0 war axe
   (You took it off a goblin in a bailey)
Armour
 c - the +2 pair of gloves "Casuyrijyo" (worn) {Dex+3}
   (You found it on level 10 of the Dungeon)

   It affects your dexterity (+3).
 p - a +2 helmet of intelligence (worn) {Int+3}
   (You found it on level 14 of the Dungeon)
 s - +1 gold dragon scales (worn)
   (You bought it in a shop on level 9 of the Dungeon)
 x - a +1 pair of boots (worn)
   (You found it on level 11 of the Dungeon)
 z - a +1 kite shield of cold resistance (worn) {rC+}
   (You bought it in a shop on level 9 of the Dungeon)
 M - a scarf of invisibility (worn)
   (You found it on level 8 of the Dungeon)
Jewellery
 a - a +4 ring of evasion (right hand)
   (You found it on level 4 of the Dungeon)
 m - an uncursed ring of protection from magic {MR+, !d}
   (You found it on level 12 of the Dungeon)
 n - an uncursed ring of flight {+Fly, !d}
   (You found it in an ice cave)
 C - the ring of Tifihy (left hand) {Str+4 Slay+4}
   (You found it in an ice cave)

   [ring of slaying]

   It affects your strength (+4).
   It affects your accuracy and damage with ranged weapons and melee attacks
   (+4).
 F - an uncursed ring of protection from fire {rF+, !d}
   (You found it in a bailey)
 I - an uncursed ring of protection from cold {rC+, !d}
   (You found it on level 1 of the Swamp)
 R - an amulet of regeneration (around neck) {+regen, !d}
   (You found it on level 1 of the Dungeon)
 S - an uncursed ring of see invisible {sInv, !d}
   (You found it on level 3 of the Lair of Beasts)
Wands
 b - a wand of paralysis (21)
   (You found it on level 8 of the Dungeon)
 j - a wand of enslavement (6)
   (You found it on level 7 of the Dungeon)
 D - a wand of digging (2)
   (You found it on level 13 of the Dungeon)
 E - a wand of polymorph (10)
   (You found it on level 6 of the Lair of Beasts)
 K - a wand of clouds (7)
   (You found it on level 5 of the Lair of Beasts)
 P - a wand of iceblast (8)
   (You found it on level 2 of the Orcish Mines)
Scrolls
 f - 3 scrolls of fog
 g - 3 scrolls of fear
 i - 5 scrolls of identify
 k - 4 scrolls of amnesia
 t - 5 scrolls of teleportation
 u - 2 scrolls of enchant weapon
 w - 4 scrolls of remove curse
 B - a scroll of blinking {!r!r}
 J - 2 scrolls of magic mapping {!r!r}
 L - 3 scrolls of silence {unknown}
Potions
 h - 2 potions of lignification {!q!q}
 o - 2 potions of mutation {!q!q}
 q - 11 potions of curing
 r - a potion of stabbing
 y - 2 potions of brilliance
 G - 3 potions of flight
 H - 2 potions of berserk rage {!q!q}
 O - 2 potions of cancellation
Comestibles
 e - 41 rations


   Skills:
 + Level 15.2 Fighting
 - Level 18.0 Axes
 + Level 16.5 Armour
 - Level 2.4 Dodging
 - Level 1.5 Stealth
 - Level 15.0 Shields


You had 15 spell levels left.
You didn't know any spells.
Your spell library contained the following spells:

 Spells                   Type           Power        Failure   Level  Hunger
 Animate Skeleton         Necr           N/A          100%        1    ##.....
 Corona                   Hex            #......      100%        1    ##.....
 Pain                     Necr           #...         100%        1    ##.....
 Corpse Rot               Necr/Air       N/A          100%        2    ###....
 Ensorcelled Hibernation  Hex/Ice        #.....       100%        2    ###....
 Sublimation of Blood     Necr           #.........   100%        2    ###....
 Confusing Touch          Hex            #.......     100%        3    ####...
 Dazzling Flash           Conj/Hex       #.....       100%        3    ####...
 Tukima's Dance           Hex            #.......     100%        3    ####...
 Vampiric Draining        Necr           #.........   100%        3    ####...
 Animate Dead             Necr           N/A          100%        4    #####..
 Cause Fear               Hex            #.........   100%        4    #####..
 Dispel Undead            Necr           #.......     100%        4    #####..
 Agony                    Necr           #.......     100%        5    ######.
 Excruciating Wounds      Chrm/Necr      #.........   100%        5    ######.
 Silence                  Hex/Air        #.........   100%        5    ######.
 Yara's Violent Unravell  Hex/Tmut       #.........   100%        5    ######.
 Invisibility             Hex            #.......     100%        6    #######
 Discord                  Hex            #.........   100%        8    #######


Dungeon Overview and Level Annotations

Branches:
Dungeon (14/15)            Temple (0/1) D:5            Lair (6/6) D:9
  Swamp (2/4) Lair:2        Snake (0/4) Lair:2        Slime (0/5) Lair:5
    Orc (2/2) D:11            Elf (0/3) Orc:2        Vaults (0/5) D:13
 Bailey (visited)           IceCv (visited)

Altars:
Ashenzari
Cheibriados
Elyvilon
Fedhas
Hepliaklqana
Kikubaaqudgha
Okawaru
Ru
Vehumet
Wu Jian
Yredelemnul
The Shining One
Beogh

Shops:
D:4 !   D:6 %   D:7 [   D:9 *[%   D:11 !   D:14 *   Orc:1 [   Orc:2 %*[}

Portals:
Pandemonium: Orc:2

Annotations:
D:6 2 transporters
D:10 1 runed translucent door
Orc:2 Urug


Message History

The swamp worm fires a harpoon shot at you.
You block the harpoon shot.
You feel better.
The swamp worm fires a harpoon shot at you.
You block the harpoon shot.
The swamp worm fires a harpoon shot at you.
You block the harpoon shot.
Firing (i - inventory) No suitable missiles.
Aim: an eight-headed hydra (severely wounded)
Okay, then.
Firing (i - inventory) No suitable missiles.
Aim: an eight-headed hydra (severely wounded)
Okay, then.
You feel better.
The swamp worm fires a harpoon shot at you.
You block the harpoon shot.
You hit the eight-headed hydra.
The eight-headed hydra bites you but does no damage.
You block the eight-headed hydra's attack.
The eight-headed hydra bites you!
* * * LOW HITPOINT WARNING * * *
You block the eight-headed hydra's attack. x2
The eight-headed hydra bites you but does no damage.
The eight-headed hydra closely misses you.
The eight-headed hydra bites you!
* * * LOW HITPOINT WARNING * * *
You hit the eight-headed hydra but do no damage.
You block the eight-headed hydra's attack.
The eight-headed hydra bites you.
* * * LOW HITPOINT WARNING * * *
The eight-headed hydra barely misses you.
The eight-headed hydra bites you but does no damage.
You block the eight-headed hydra's attack.
The eight-headed hydra bites you.
* * * LOW HITPOINT WARNING * * *
The eight-headed hydra barely misses you.
The eight-headed hydra bites you but does no damage.
Your gold dragon scales prevents you from hitting the eight-headed hydra.
The swamp worm fires a harpoon shot at you.
The harpoon shot misses you.
The eight-headed hydra barely misses you.
The eight-headed hydra bites you but does no damage.
The eight-headed hydra barely misses you.
You block the eight-headed hydra's attack.
The eight-headed hydra bites you but does no damage. x2
You block the eight-headed hydra's attack.
The eight-headed hydra bites you but does no damage.
You hit the eight-headed hydra but do no damage.
The swamp worm fires a harpoon shot at you.
The harpoon shot hits you but does no damage.
You completely miss the eight-headed hydra.
The eight-headed hydra bites you but does no damage.
You block the eight-headed hydra's attack. x2
The eight-headed hydra bites you but does no damage.
The eight-headed hydra bites you.
* * * LOW HITPOINT WARNING * * *
The eight-headed hydra bites you but does no damage. x3
You feel better.
The swamp worm fires a harpoon shot at you.
The harpoon shot misses you.
The eight-headed hydra bites you but does no damage.
You block the eight-headed hydra's attack. x2
The eight-headed hydra bites you but does no damage. x3
The eight-headed hydra closely misses you.
The eight-headed hydra bites you!
* * * LOW HITPOINT WARNING * * *
You block the swamp worm's attack.
All of the chunks of flesh in your inventory have rotted away.
You block the swamp worm's attack.
You block the eight-headed hydra's attack.
The eight-headed hydra bites you but does no damage.
The eight-headed hydra closely misses you.
The eight-headed hydra completely misses you.
The eight-headed hydra bites you but does no damage.
The eight-headed hydra barely misses you.
You block the eight-headed hydra's attack.
The eight-headed hydra bites you but does no damage.
The swamp worm fires a harpoon shot at you.
The harpoon shot misses you.
The swamp worm fires a harpoon shot at you.
The harpoon shot misses you.
You block the eight-headed hydra's attack. x3
The eight-headed hydra closely misses you.
The eight-headed hydra bites you but does no damage. x2
The eight-headed hydra bites you.
* * * LOW HITPOINT WARNING * * *
The eight-headed hydra closely misses you.
The swamp worm fires a harpoon shot at you.
The harpoon shot hits you but does no damage.
The swamp worm fires a harpoon shot at you.
You block the harpoon shot.
There is a stone staircase leading up here.
The swamp worm fires a harpoon shot at you.
The harpoon shot misses you.
The eight-headed hydra bites you but does no damage.
You block the eight-headed hydra's attack.
The eight-headed hydra bites you!
* * * LOW HITPOINT WARNING * * *
The eight-headed hydra bites you.
You die...

..........≈≈≈≈.≈≈≈.≈≈≈≈≈≈≈≈≈§..♣♣
≈≈.....≈≈≈≈≈≈≈.≈≈.≈≈.≈≈..........
.≈≈≈≈≈§≈≈≈≈≈≈≈..≈.♣♣≈≈≈.♣≈≈≈≈≈≈≈.
.†≈≈≈≈≈≈≈≈≈≈≈≈....≈♣♣≈≈≈.♣♣♣.≈≈≈>
♣.w≈≈≈≈..≈≈≈≈≈w.♣..§.≈≈≈≈♣♣♣♣♣≈≈≈
..≈...♣♣≈...≈≈....(...≈♣♣♣..♣♣♣♣.
≈.≈♣♣♣♣♣.≈≈≈≈≈≈.≈≈≈≈≈.♣♣♣≈...≈§♣♣
≈.♣. ♣♣≈≈≈≈≈wD...≈≈≈)♣.....≈♣
≈.... ♣≈≈≈≈≈≈≈@≈♣≈≈≈)....≈≈♣♣♣♣
...≈♣♣ ♣§≈≈≈≈≈≈..♣≈..≈♣......^≈♣
♣♣♣ ♣ ♣♣.≈≈≈≈≈§..≈♣♣♣♣♣.≈≈≈≈...
♣≈.≈≈≈≈≈§♣♣♣ ♣.≈≈≈≈≈≈≈.
♣♣..≈...♣♣ ♣≈.≈≈≈.... ♣♣♣♣♣..≈♣♣♣
♣♣.≈....♣♣ ♣..≈≈≈♣♣♣ ♣
♣♣(≈.≈..≈♣♣ ♣≈≈.♣♣♣
≈.≈♣♣≈.†.≈≈≈♣♣. ≈...≈.≈.≈
........♣♣♣♣..≈


You could see an eight-headed hydra and 2 swamp worms.

Levels and vault maps discovered:
D:1:      lemuel_arrival_broad_hall, layout_basic
D:2:      layout_loops_cross, minmay_tetromino_s4
D:3:      layout_basic, okawaru_ov_weapons_minmay, kennysheep_generic_room_15,
          uniq_natasha
D:4:      layout_cave_pools, serial_shops, shop, first_ration,
          uniq_blork_the_orc
D:5:      layout_basic, gammafunk_temple_overflow_wave,
          minmay_temple_entry_grid, nicolae_ru_sacrificial_ziggurat
D:6:      gammafunk_steamed_eel, layout_basic, lemuel_doored_altar,
          serial_shops, shop, uniq_pikel
D:7:      layout_basic, kennysheep_mini,
          chequers_temple_overflow_statue_of_worship, serial_shops, shop,
          uniq_joseph, uniq_duvessa
D:8:      layout_loops_cross, nicolae_overflow_hidden_temple, enter_bailey_3
D:9:      layout_irregular_city, old_standard_altar,
          ashenzari_conservatory_becter, dpeg_lair_monsters, serial_shops,
          nicolae_shop_trees, nicolae_shop_window_shopping, minmay_shop_damaged,
          lemuel_mausoleum_altar_kikubaaqudgha
D:10:     minmay_gate_of_8, layout_loops_ring, biasface_ghost_orc_armoury
D:11:     layout_loops_cross, hiddenorc2_lemuel, serial_shops, shop,
          blue_anna_alchemist [blue_anna_fruit_fields, blue_anna_fruit_fields],
          worms_lemuel, uniq_erolcha
D:12:     layout_irregular_city, kb_tengu_band
D:13:     layout_cave_pods, grunt_vaults_entry_fortified, uniq_frances
D:14:     layout_small_grid, serial_shops, shop,
          nrook_guardian_serpent_ordinary, uniq_azrael
Lair:1:   layout_layer_cave, portal_ice_cave_rime, beast_lair_carwin_1,
          grunt_megastairs_5, uniq_sonja
Lair:2:   layout_cave_pods, swamp_mist_pool,
          minmay_snake_entry_guardpost_medium, st_stairs_7, serial_bayou_pond_c,
          kennysheep_abandoned_house
Lair:3:   layout_chaotic_city
Lair:4:   layout_loops_ring, beast_lair_carwin_9
Lair:5:   layout_cave_pods, slime_dummy, minmay_shattered_shrine
Lair:6:   minmay_lair_end_enchanted_forest, layout_gridlike, uniq_josephine
Swamp:1:  cheibrodos_swamp_monstrosity, layout_falls_marsh, serial_swamp_ruin,
          evilmike_swamp_ruin_house_3, evilmike_swamp_ruin_house_2, swamp_pool1,
          st_swamp_ruins_3, uniq_roxanne
Swamp:2:  layout_basic_swamp, evilmike_swamp_ruin_house_4
Orc:1:    layout_caves, serial_shops, nicolae_shop_overgrown_old_shop,
          uniq_harold, uniq_urug
Orc:2:    pf_orc_diabolical, layout_caves, uniq_maurice

Notes
Turn   | Place    | Note
-------+----------+-------------------------------------------
     0 | D:1      | drasked the Hill Orc Monk began the quest for the Orb.
     0 | D:1      | Reached XP level 1. HP: 19/19 MP: 1/1
     5 | D:1      | Identified an amulet of regeneration (You found it on level
                  | 1 of the Dungeon)
   226 | D:1      | Identified a +0 club
   291 | D:1      | Reached XP level 2. HP: 25/27 MP: 2/2
   417 | D:1      | Identified a +1 dagger of venom
   417 | D:1      | Identified a +0 club
   540 | D:2      | Reached skill level 1 in Armour
   555 | D:2      | Reached skill level 4 in Fighting
   555 | D:2      | Reached XP level 3. HP: 29/33 MP: 3/3
   652 | D:2      | Identified a +0 dagger
   700 | D:2      | Reached skill level 5 in Axes
   776 | D:2      | Identified a +0 club
   918 | D:2      | Reached XP level 4. HP: 40/40 MP: 4/4
  1214 | D:3      | Identified a +0 whip
  1303 | D:3      | Identified a +0 club
  1319 | D:3      | Reached skill level 2 in Armour
  1421 | D:3      | Identified a +0 club
  1473 | D:3      | Identified a +2 dagger of pain
  1473 | D:3      | Identified a +0 dagger
  1473 | D:3      | Identified a +0 robe
  1474 | D:3      | Identified a cursed +0 dagger
  1495 | D:3      | Reached XP level 5. HP: 17/47 MP: 5/5
  1569 | D:3      | Found an iron altar of Okawaru.
  1582 | D:3      | Identified a +0 club
  1612 | D:3      | Identified a +0 dagger
  1644 | D:3      | Reached skill level 6 in Axes
  1715 | D:3      | Noticed Natasha
  1896 | D:3      | Identified a +0 hand axe
  1972 | D:3      | Identified a +0 hand axe
  1972 | D:3      | Identified a +0 leather armour
  2291 | D:3      | Identified a ring of wizardry (You found it on level 3 of
                  | the Dungeon)
  2397 | D:3      | Killed Natasha
  2427 | D:3      | Noticed Natasha
  2442 | D:3      | Killed Natasha
  2471 | D:3      | Noticed Natasha
  2498 | D:3      | Killed Natasha
  2498 | D:3      | Reached XP level 6. HP: 31/55 MP: 6/6
  2556 | D:4      | Reached skill level 5 in Fighting
  2599 | D:4      | Reached skill level 3 in Armour
  2630 | D:4      | Reached skill level 7 in Axes
  2767 | D:4      | Identified a +0 war axe (You found it on level 4 of the
                  | Dungeon)
  2796 | D:4      | Identified a +0 ring mail
  2862 | D:4      | Identified a ring of magical power (You found it on level 4
                  | of the Dungeon)
  2863 | D:4      | Identified a ring of evasion (You found it on level 4 of
                  | the Dungeon)
  2867 | D:4      | Identified 4 scrolls of identify
  2867 | D:4      | Identified 3 potions of curing
  2868 | D:4      | Identified 4 potions of degeneration
  2869 | D:4      | Identified a potion of heal wounds
  2939 | D:4      | Identified a +0 war axe
  2939 | D:4      | Identified a +0 robe
  2939 | D:4      | Noticed Blork the orc
  2967 | D:4      | HP: 10/56 [Blork the orc/magic dart (10)]
  2973 | D:4      | Killed Blork the orc
  3078 | D:4      | Found Tuugen Bups's Distillery.
  3209 | D:4      | Identified a potion of mutation
  3210 | D:4      | Identified a potion of cancellation
  3235 | D:5      | Entered Level 5 of the Dungeon
  3260 | D:5      | Found a staircase to the Ecumenical Temple.
  3261 | D:5      | Identified a +0 giant spiked club
  3271 | D:5      | Reached XP level 7. HP: 61/61 MP: 7/7
  3335 | D:5      | Identified a +0 chain mail (You found it on level 5 of the
                  | Dungeon)
  3349 | D:5      | Reached skill level 8 in Axes
  3624 | D:5      | Found a snail-covered altar of Cheibriados.
  3624 | D:5      | Found a basalt altar of Yredelemnul.
  3635 | D:5      | Found a sacrificial altar of Ru.
  4007 | D:5      | Reached skill level 4 in Armour
  4034 | D:5      | Identified a ring of protection (You found it on level 5 of
                  | the Dungeon)
  4035 | D:5      | Identified a potion of haste
  4036 | D:5      | Identified a potion of lignification
  4048 | D:6      | Reached skill level 6 in Fighting
  4111 | D:6      | Identified a +0 giant club
  4154 | D:6      | Reached skill level 9 in Axes
  4273 | D:6      | Identified a +2 whip of flaming
  4273 | D:6      | Identified a +0 robe
  4273 | D:6      | Noticed Pikel
  4285 | D:6      | Killed Pikel
  4285 | D:6      | Reached skill level 10 in Axes
  4285 | D:6      | Reached skill level 5 in Armour
  4285 | D:6      | Reached XP level 8. HP: 71/71 MP: 8/8
  4303 | D:6      | Reached skill level 7 in Fighting
  4381 | D:6      | Found a transporter.
  4392 | D:6      | Found a transporter.
  4473 | D:6      | Found Xisuynut's Food Emporium.
  4490 | D:6      | Found a blossoming altar of Fedhas.
  4608 | D:6      | Identified a +0 giant club
  4822 | D:6      | Identified a ring of poison resistance (You found it on
                  | level 6 of the Dungeon)
  4884 | D:7      | Identified a +0 short sword
  4884 | D:7      | Identified a +0 leather armour
  4884 | D:7      | Noticed Duvessa
  4894 | D:7      | Identified a +0 dagger
  4894 | D:7      | Identified a +0 robe
  4894 | D:7      | Noticed Dowan
  4962 | D:7      | Killed Duvessa
  4962 | D:7      | Reached skill level 11 in Axes
  4962 | D:7      | Reached XP level 9. HP: 76/79 MP: 9/9
  4965 | D:7      | Killed Dowan
  4965 | D:7      | Reached skill level 6 in Armour
  5085 | D:7      | Identified a +0 quarterstaff
  5085 | D:7      | Identified a +0 hunting sling of flaming
  5085 | D:7      | Identified a +3 leather armour of magic resistance
  5085 | D:7      | Noticed Joseph
  5105 | D:7      | HP: 9/80 [Joseph/+0 quarterstaff (18)]
  5111 | D:7      | Killed Joseph
  5111 | D:7      | Reached skill level 8 in Fighting
  5252 | D:7      | Found Bonn's Antique Armour Shoppe.
  5256 | D:7      | Bought a helmet for 112 gold pieces
  5256 | D:7      | Bought a runed chain mail for 187 gold pieces
  5261 | D:7      | Identified a cursed +0 helmet (You bought it in a shop on
                  | level 7 of the Dungeon)
  5271 | D:7      | Identified a +0 chain mail of magic resistance (You bought
                  | it in a shop on level 7 of the Dungeon)
  5277 | D:7      | Identified 2 scrolls of magic mapping
  5278 | D:7      | Identified 2 scrolls of fear
  5279 | D:7      | Identified 3 scrolls of remove curse
  5280 | D:7      | Identified 2 scrolls of amnesia
  5354 | D:7      | Identified a +0 giant spiked club
  5522 | D:7      | Found a glowing golden altar of the Shining One.
  5523 | D:7      | Found a hazy altar of Hepliaklqana.
  5596 | D:7      | Found a white marble altar of Elyvilon.
  5657 | D:7      | Identified a +0 kite shield (You found it on level 3 of the
                  | Dungeon)
  5664 | D:8      | Identified a +0 flail
  5664 | D:8      | Identified a +0 ring mail
  5674 | D:8      | Identified a +0 falchion
  5687 | D:8      | Identified a +0 mace
  5688 | D:8      | Identified a +0 club
  5695 | D:8      | Identified a +0 flail
  5695 | D:8      | Identified a +0 chain mail
  5705 | D:8      | Identified a +0 hand axe
  5705 | D:8      | Identified a +0 scale mail
  5711 | D:8      | Identified a cursed -3 dagger
  5711 | D:8      | Identified a +0 robe
  5711 | D:8      | Identified a +0 dagger
  5711 | D:8      | Identified a +0 robe
  5725 | D:8      | Reached skill level 1 in Shields
  5747 | D:8      | Identified a cursed -2 hand axe
  5747 | D:8      | Identified a +0 hand axe
  5749 | D:8      | Identified a +0 hand axe
  5750 | D:8      | Identified a +0 hand axe
  5752 | D:8      | Identified a +1 vorpal falchion
  5752 | D:8      | Identified a +0 shortbow
  5753 | D:8      | Identified a +0 dagger
  5753 | D:8      | Identified a +0 robe
  5754 | D:8      | Became a worshipper of Beogh the Brigand
  5754 | D:8      | Reached * piety under Beogh
  5754 | D:8      | Reached ** piety under Beogh
  5754 | D:8      | Identified a +0 falchion
  5754 | D:8      | Identified a +0 scale mail
  5755 | D:8      | Identified a +0 giant club
  5755 | D:8      | Identified a +0 giant club
  5755 | D:8      | Noticed a two-headed ogre
  5755 | D:8      | Identified a +0 shortbow
  5757 | D:8      | Identified a +0 flail
  5757 | D:8      | Identified a +0 dagger
  5757 | D:8      | Identified a +0 robe
  5760 | D:8      | Identified a +0 scimitar
  5760 | D:8      | Identified a +0 plate armour
  5764 | D:8      | Reached skill level 12 in Axes
  5764 | D:8      | HP: 20/81 [two-headed ogre/+0 giant club (10)]
  5765 | D:8      | Reached skill level 2 in Shields
  5892 | D:7      | Identified 2 scrolls of teleportation
  6014 | D:8      | Reached skill level 7 in Armour
  6254 | D:8      | Identified a scarf of invisibility (You found it on level 8
                  | of the Dungeon)
  6258 | D:8      | Found a flagged portal.
  6264 | Bailey   | Entered a bailey
  6269 | Bailey   | Identified a +0 war axe
  6269 | Bailey   | Identified a +0 ring mail
  6269 | Bailey   | Noticed an orc warlord
  6283 | Bailey   | Identified a +0 hand axe
  6283 | Bailey   | Identified a +0 leather armour
  6283 | Bailey   | Identified a +0 hand axe
  6283 | Bailey   | Identified a +0 leather armour
  6287 | Bailey   | Identified a cursed -2 war axe
  6287 | Bailey   | Identified a +0 leather armour
  6312 | Bailey   | Identified a scroll of immolation
  6313 | Bailey   | Identified a scroll of enchant weapon
  6314 | Bailey   | Identified a scroll of fog
  6335 | Bailey   | Identified a +0 war axe
  6335 | Bailey   | Identified a +0 leather armour
  6335 | Bailey   | Identified a +0 hand axe
  6335 | Bailey   | Identified a +0 leather armour
  6367 | Bailey   | Identified a +0 hand axe
  6367 | Bailey   | Identified a +0 leather armour
  6368 | Bailey   | Identified a +0 war axe
  6368 | Bailey   | Identified a +0 chain mail
  6368 | Bailey   | Identified a +0 hand axe
  6368 | Bailey   | Identified a +0 leather armour
  6386 | Bailey   | Found a runed translucent gate.
  6386 | Bailey   | Found a runed translucent gate.
  6386 | Bailey   | Found a runed translucent gate.
  6404 | Bailey   | Identified a +0 hand axe
  6404 | Bailey   | Identified a +0 leather armour
  6409 | Bailey   | Identified a +0 hand axe
  6409 | Bailey   | Identified a +0 leather armour
  6409 | Bailey   | Identified a +0 war axe
  6409 | Bailey   | Identified a cursed +0 plate armour
  6413 | Bailey   | Identified a +0 hand axe
  6413 | Bailey   | Identified a cursed -1 leather armour
  6419 | Bailey   | Reached skill level 3 in Shields
  6655 | D:8      | Identified a scroll of blinking
  6656 | D:8      | Identified a scroll of acquirement
  6658 | D:8      | Identified a scroll of enchant armour
  6797 | D:7      | Identified a potion of brilliance
  6800 | D:7      | Identified a ring of protection from fire (You found it in
                  | a bailey)
  6803 | D:7      | Identified a potion of magic
  6804 | D:7      | Identified a potion of experience
  6804 | D:7      | Reached skill level 11 in Shields
  6804 | D:7      | Reached XP level 10. HP: 88/88 MP: 10/10
  7246 | D:9      | Identified a +0 shortbow
  7253 | D:9      | Reached XP level 11. HP: 94/94 MP: 11/11
  7255 | D:9      | Found Susiseck's Lightly-Used Armoury.
  7269 | D:9      | Bought -2 gold dragon scales for 980 gold pieces
  7329 | D:9      | Identified a +0 shortbow
  7344 | D:9      | Reached skill level 13 in Axes
  7377 | D:9      | Identified a cursed -3 giant spiked club
  7566 | D:9      | Found a staircase to the Lair.
  7610 | D:9      | Noticed a death yak
  7614 | D:9      | Noticed a death yak
  7616 | D:9      | Noticed a death yak
  7635 | D:9      | Identified a +0 giant spiked club
  7635 | D:9      | Identified a +0 giant club
  7635 | D:9      | Noticed a two-headed ogre
  7715 | D:8      | HP: 20/94 [death yak (16)]
  7720 | D:8      | HP: 14/94 [death yak (8)]
  7727 | D:8      | Killed a death yak
  7730 | D:8      | Found an ornate altar of the Wu Jian Council.
  8047 | D:8      | Identified a scroll of holy word
  8083 | D:8      | Identified a potion of berserk rage
  8085 | D:8      | Killed a death yak
  8201 | D:8      | Killed a two-headed ogre
  8201 | D:8      | Reached skill level 8 in Armour
  8201 | D:8      | Reached skill level 12 in Shields
  8609 | D:9      | Identified a +0 trident
  8629 | D:9      | Identified a +0 dagger
  8629 | D:9      | Identified a +0 robe
  8631 | D:9      | Identified a +0 scale mail
  8637 | D:9      | Identified a +3 whip
  8639 | D:9      | Reached *** piety under Beogh
  8705 | D:9      | Found a shattered altar of Ashenzari.
  8708 | D:9      | Identified a +0 whip
  8709 | D:9      | Identified a +0 dagger
  8709 | D:9      | Identified a +0 short sword
  8710 | D:9      | Identified a +0 short sword
  8825 | D:9      | Found Koixzit's Food Shoppe.
  8866 | D:9      | Identified a +0 whip of electrocution
  8866 | D:9      | Identified a +0 glaive
  8866 | D:9      | Identified a +0 plate armour
  8870 | D:9      | Identified a +0 hand axe
  8870 | D:9      | Identified a +0 leather armour
  8871 | D:9      | Identified a +0 dagger
  8871 | D:9      | Identified a +0 robe
  8888 | D:9      | Found a radiant altar of Vehumet.
  8900 | D:9      | Reached skill level 14 in Axes
  8919 | D:9      | Found Zovviese's Armour Shop.
  8954 | D:9      | Bought a +1 kite shield of cold resistance for 247 gold
                  | pieces
  8954 | D:9      | Bought a +0 pair of gloves for 67 gold pieces
  9036 | D:9      | Identified a cursed +0 dagger
  9036 | D:9      | Identified a cursed +0 robe
  9057 | D:9      | Found an ancient bone altar of Kikubaaqudgha.
  9125 | D:9      | Identified a cursed +2 falchion
  9125 | D:9      | Identified a +0 robe
  9172 | D:9      | Identified a +0 shortbow
  9383 | D:9      | Killed a two-headed ogre
  9627 | D:10     | Entered Level 10 of the Dungeon
  9641 | D:10     | Identified a +0 shortbow
  9662 | D:10     | Reached **** piety under Beogh
  9771 | D:10     | Identified a +0 short sword
  9771 | D:10     | Identified a +0 leather armour
  9774 | D:10     | Identified a +0 short sword (You took it off an orc on
                  | level 10 of the Dungeon)
  9774 | D:10     | Identified a +0 chain mail
  9775 | D:10     | Identified a +0 hand axe
  9775 | D:10     | Identified a +0 leather armour
  9784 | D:10     | Found a runed translucent door.
  9784 | D:10     | Noticed a wolf spider
  9784 | D:10     | Noticed a wolf spider
  9784 | D:10     | Identified a +1 battleaxe of freezing
  9784 | D:10     | Noticed a frost giant
  9786 | D:10     | Noticed a phantasmal warrior
  9786 | D:10     | Identified a +0 short sword
  9786 | D:10     | Identified a +0 shortbow
  9786 | D:10     | Identified a cursed +0 leather armour
  9786 | D:10     | Noticed a deep elf archer
  9786 | D:10     | Noticed a two-headed ogre
  9786 | D:10     | Identified a +0 long sword
  9786 | D:10     | Identified a +0 leather armour
  9786 | D:10     | Noticed a deep elf mage
  9786 | D:10     | Identified a +0 arbalest
  9786 | D:10     | Noticed a yaktaur captain
  9897 | D:10     | Found a runed translucent gate.
  9898 | D:10     | Identified a +0 war axe
  9898 | D:10     | Identified a +0 plate armour
  9898 | D:10     | Noticed MalarOregon's ghost (novice DrCj)
  9987 | D:10     | Identified a +0 long sword
  9987 | D:10     | Identified a +0 plate armour
  9988 | D:10     | Identified a +0 dagger
  9988 | D:10     | Identified a +0 robe
  9990 | D:10     | Identified a +0 dagger
  9990 | D:10     | Identified a +0 robe
 10026 | D:10     | Identified the +4 quarterstaff "Luweadoch" {drain, +Rage
                  | rF+}
 10026 | D:10     | Identified a +3 plate armour
 10029 | D:10     | Found a runed translucent gate.
 10029 | D:10     | Found a runed translucent gate.
 10029 | D:10     | Identified a +0 hand axe
 10029 | D:10     | Identified a +0 scale mail
 10029 | D:10     | Identified a cursed +0 mace
 10029 | D:10     | Identified a +0 short sword
 10029 | D:10     | Identified a +0 chain mail
 10381 | Lair:1   | Entered Level 1 of the Lair of Beasts
 10415 | Lair:1   | Identified a ring of fire (You found it on level 10 of the
                  | Dungeon)
 10483 | Lair:1   | Identified a +0 arbalest
 10483 | Lair:1   | Gained Orgrim as an ally
 10501 | Lair:1   | Found a frozen archway.
 10509 | Lair:1   | Reached skill level 9 in Armour
 10510 | Lair:1   | Reached XP level 12. HP: 67/101 MP: 12/12
 10515 | Lair:1   | Identified a potion of stabbing
 10547 | Lair:1   | Reached skill level 15 in Axes
 10553 | IceCv    | Entered an ice cave
 10892 | IceCv    | Noticed an ice dragon
 10892 | IceCv    | Noticed an ice dragon
 10912 | IceCv    | Killed an ice dragon
 10919 | IceCv    | Killed an ice dragon
 10919 | IceCv    | Identified +0 ice dragon scales
 11047 | IceCv    | Got a slimy lapis lazuli ring
 11256 | IceCv    | Identified the ring of Tifihy {Str+4 Slay+4} (You found it
                  | in an ice cave)
 11258 | IceCv    | Identified a ring of flight (You found it in an ice cave)
 11284 | IceCv    | Identified a ring of dexterity (You found it in an ice
                  | cave)
 11286 | IceCv    | Identified a ring of attention (You found it in an ice
                  | cave)
 11351 | Lair:1   | Reached skill level 13 in Shields
 11406 | Lair:1   | Identified the Compendium of Doomed Beguiling
 11471 | Lair:1   | Reached skill level 16 in Axes
 11546 | Lair:1   | Identified a +2 dagger of draining
 11546 | Lair:1   | Noticed Sonja
 11552 | Lair:1   | Killed Sonja
 12097 | Lair:1   | Reached skill level 10 in Armour
 12555 | Lair:2   | Identified a +0 long sword
 12594 | Lair:2   | Identified a +0 trident
 12594 | Lair:2   | Identified a +0 robe
 12615 | Lair:2   | Identified a +0 halberd
 12618 | Lair:2   | Identified a +0 short sword
 12618 | Lair:2   | Identified a +0 battleaxe
 12644 | Lair:2   | Found a staircase to the Snake Pit.
 12655 | Lair:2   | Identified a cursed -1 halberd
 12698 | Lair:2   | Found a staircase to the Swamp.
 12737 | Lair:2   | Reached ***** piety under Beogh
 12910 | Lair:2   | Noticed a four-headed hydra
 12923 | Lair:2   | Killed an eight-headed hydra
 13064 | Lair:2   | Gained Boghold as an ally
 13269 | Lair:2   | Reached XP level 13. HP: 97/107 MP: 13/13
 13430 | Lair:2   | Reached skill level 17 in Axes
 14287 | Lair:2   | Identified a ring of see invisible (You found it on level 3
                  | of the Lair of Beasts)
 14289 | Lair:2   | Identified a ring of slaying (You found it on level 3 of
                  | the Lair of Beasts)
 14294 | Lair:2   | Identified a potion of flight
 15040 | Lair:4   | You fall into a shaft and drop 1 floor!
 15479 | Lair:5   | Reached skill level 11 in Armour
 15654 | Lair:5   | Found a staircase to the Slime Pits.
 16133 | Lair:5   | Reached skill level 18 in Axes
 16133 | Lair:5   | Reached skill level 14 in Shields
 16155 | Lair:5   | Got an ichor-stained short sword
 16184 | Lair:5   | Identified the +0 short sword of Dissatisfaction {vorpal,
                  | +Fly Str+6} (You found it on level 5 of the Lair of Beasts)
 16686 | Lair:6   | Entered Level 6 of the Lair of Beasts
 16859 | Lair:6   | Reached skill level 12 in Armour
 17095 | Lair:6   | Reached ****** piety under Beogh
 17312 | Lair:6   | Reached XP level 14. HP: 112/115 MP: 14/14
 17424 | Lair:6   | Reached skill level 15 in Shields
 17542 | Lair:6   | Identified a +0 dagger
 17542 | Lair:6   | Identified a +0 robe
 17552 | Lair:6   | Identified a +0 short sword
 17552 | Lair:6   | Identified a cursed +0 robe
 17552 | Lair:6   | Identified an uncursed amulet of faith
 17553 | Lair:6   | Identified a +0 dagger
 17553 | Lair:6   | Identified a +0 robe
 17553 | Lair:6   | Identified a +0 buckler
 17595 | Lair:6   | Identified a +1 rapier of venom
 17595 | Lair:6   | Identified a +0 robe
 17595 | Lair:6   | Identified a +2 buckler
 17616 | Lair:6   | Identified a +0 dagger
 17616 | Lair:6   | Identified a +0 robe
 17619 | Lair:6   | Identified a +0 dagger
 17619 | Lair:6   | Identified a +0 robe
 17661 | Lair:6   | Identified a +0 short sword
 17697 | Lair:6   | Identified a +0 short sword
 17697 | Lair:6   | Identified a +0 robe
 17697 | Lair:6   | Identified a +0 buckler
 17704 | Lair:6   | Identified a +0 spear
 17706 | Lair:6   | Reached skill level 9 in Fighting
 17752 | Lair:6   | Identified a +0 dagger
 17752 | Lair:6   | Identified a +0 robe
 17752 | Lair:6   | Noticed Josephine
 17827 | Lair:6   | Killed Josephine
 17834 | Lair:6   | Reached skill level 13 in Armour
 17842 | Lair:6   | Identified a +1 rapier of freezing
 17842 | Lair:6   | Identified a +0 robe
 17842 | Lair:6   | Identified a +0 buckler
 18170 | D:9      | Identified a potion of might
 18379 | D:10     | Identified a +0 dagger
 18379 | D:10     | Identified a +0 robe
 18379 | D:10     | Identified a +0 whip
 18382 | D:10     | Identified a +0 flail
 18425 | D:10     | Identified a +0 flail
 18425 | D:10     | Identified a +0 ring mail
 18426 | D:10     | Identified a +0 club (You took it off an orc on level 10 of
                  | the Dungeon)
 18426 | D:10     | Identified a +0 dire flail
 18426 | D:10     | Identified a +0 plate armour
 18429 | D:10     | Found a roughly hewn altar of Beogh.
 18429 | D:10     | Identified a +0 club
 18429 | D:10     | Identified a +2 ring mail of cold resistance
 18429 | D:10     | Identified a +0 falchion
 18429 | D:10     | Identified a +0 ring mail (You took it off an orc on level
                  | 10 of the Dungeon)
 18476 | D:10     | Killed MalarOregon's ghost
 18476 | D:10     | Reached skill level 10 in Fighting
 18502 | D:10     | Got a pair of encrusted gloves
 18513 | D:10     | Identified the +2 pair of gloves "Casuyrijyo" {Dex+3} (You
                  | found it on level 10 of the Dungeon)
 18726 | D:11     | Found Liehiuta's Distillery.
 18733 | D:11     | Bought a potion of invisibility for 96 gold pieces
 18739 | D:11     | Identified a +0 hand axe
 18739 | D:11     | Identified a +0 leather armour
 18739 | D:11     | Identified a cursed -1 flail
 18743 | D:11     | Identified a +0 club
 18748 | D:11     | Identified a +0 flail
 18748 | D:11     | Identified a +0 chain mail
 18750 | D:11     | Identified a +0 short sword
 18750 | D:11     | Identified a +0 dagger
 18750 | D:11     | Identified a +0 robe
 18750 | D:11     | HP: 30/121 [15-headed hydra (9)]
 18753 | D:11     | Identified a cursed -1 dagger
 18756 | D:11     | HP: 30/121 [19-headed hydra (8)]
 18758 | D:11     | HP: 12/121 [19-headed hydra (4)]
 18758 | D:11     | HP: 2/121 [19-headed hydra (6)]
 18761 | D:11     | Identified a +0 leather armour
 18763 | D:11     | Identified a +0 flail (You took it off an orc on level 11
                  | of the Dungeon)
 18764 | D:11     | Identified a +0 dagger
 18832 | D:11     | Identified a +0 flail
 18841 | D:11     | Identified a +0 mace
 18847 | D:11     | Found a staircase to the Orcish Mines.
 18849 | D:11     | Identified a +0 trident
 18851 | D:11     | Identified a cursed +0 mace
 18854 | D:11     | Identified a +0 flail
 18854 | D:11     | Identified a +0 dagger
 18855 | D:11     | Identified a +0 flail
 18855 | D:11     | Identified a +0 whip
 18855 | D:11     | Identified a +0 chain mail
 18855 | D:11     | Identified a cursed -3 trident
 18855 | D:11     | Identified a +0 club
 18855 | D:11     | Identified a +0 leather armour
 18862 | D:11     | Identified a +0 mace
 18863 | D:11     | Identified a +0 dagger
 18863 | D:11     | Identified a +0 leather armour
 18874 | D:11     | Identified a +0 whip
 18876 | D:11     | Identified a +0 falchion
 18876 | D:11     | Identified a +0 chain mail
 18885 | D:11     | Identified a +0 leather armour
 18897 | D:11     | Gained Morguth as an ally
 18925 | D:11     | Identified a +0 hand axe
 18925 | D:11     | Identified a +0 ring mail
 18966 | D:11     | Identified a +0 short sword
 18966 | D:11     | Identified a +0 giant spiked club
 18966 | D:11     | Identified a +2 robe of positive energy
 18966 | D:11     | Noticed Erolcha
 18973 | D:11     | Killed Erolcha
 18994 | D:11     | Identified a +0 giant club
 18999 | D:11     | Identified a cursed -2 giant spiked club
 18999 | D:11     | Identified a +0 giant club
 19004 | D:11     | Identified a +0 troll leather armour
 19071 | D:11     | Gained Borgoth as an ally
 19207 | D:11     | Identified a +0 club
 19207 | D:11     | Identified a cursed +0 leather armour
 19362 | D:11     | Identified a +0 hand axe
 19362 | D:11     | Gained Margrim as an ally
 19408 | D:11     | Identified a +0 club
 19408 | D:11     | Identified a +0 leather armour
 19640 | D:11     | Identified a +1 pair of boots (You found it on level 11 of
                  | the Dungeon)
 19640 | D:11     | Identified a ring of teleportation (You found it on level
                  | 11 of the Dungeon)
 19694 | D:12     | Identified a +0 dagger
 19694 | D:12     | Identified a +0 scale mail
 19699 | D:12     | Identified a cursed -1 dagger
 19699 | D:12     | Identified a +0 robe
 19699 | D:12     | Identified a +0 hand axe
 19792 | D:12     | Identified a +0 shortbow
 19870 | D:12     | Identified a +0 rapier
 19933 | D:12     | Identified a +0 morningstar
 19933 | D:12     | Identified a +4 plate armour
 19941 | D:12     | Identified a +0 club
 19941 | D:12     | Identified a +0 chain mail
 19991 | D:12     | Identified a +0 dagger
 20027 | D:12     | Reached skill level 11 in Fighting
 20070 | D:12     | Identified a +1 mace of venom
 20073 | D:12     | Identified a +0 mace
 20077 | D:12     | Identified a +0 flail
 20077 | D:12     | Identified a +0 ring mail
 20123 | D:12     | Identified a +0 war axe
 20123 | D:12     | Identified a +0 leather armour
 20123 | D:12     | Identified a +2 buckler of protection
 20125 | D:12     | Identified a +2 buckler
 20138 | D:12     | Identified a +0 ring mail
 20224 | D:12     | Identified a +0 club
 20224 | D:12     | Identified a +0 leather armour
 20224 | D:12     | Identified a +0 dagger
 20225 | D:12     | Identified a +0 dagger
 20225 | D:12     | Identified a +0 robe
 20229 | D:12     | Identified a +0 long sword
 20229 | D:12     | Identified a +0 chain mail
 20286 | D:12     | Gained Orkwin as an ally
 20597 | D:12     | Identified a ring of protection from magic (You found it on
                  | level 12 of the Dungeon)
 20835 | D:13     | Identified a +1 battleaxe of flaming
 20835 | D:13     | Identified a +0 chain mail
 20839 | D:13     | Identified a +0 long sword
 20839 | D:13     | Identified a +0 ring mail
 20839 | D:13     | Noticed Frances
 20848 | D:13     | Your ally Margrim died
 20853 | D:13     | Killed Frances
 20857 | D:13     | HP: 26/124 [??? (24)]
 20870 | D:13     | Identified a +0 dagger
 20870 | D:13     | Identified a +0 robe
 21254 | D:13     | Reached skill level 14 in Armour
 21353 | D:13     | Identified a +0 short sword
 21353 | D:13     | Identified a +0 arbalest
 21353 | D:13     | Identified a +0 scale mail
 21353 | D:13     | Identified a +0 great mace
 21353 | D:13     | Identified a +0 chain mail
 21353 | D:13     | Identified a +1 long sword
 21353 | D:13     | Identified a +0 plate armour
 21353 | D:13     | Identified a +0 flail
 21366 | D:13     | Identified a +0 mace
 21367 | D:13     | Identified a +0 buckler
 21367 | D:13     | Identified a +3 long sword
 21367 | D:13     | Identified a +0 chain mail
 21428 | D:13     | Identified a +0 war axe
 21428 | D:13     | Identified a +0 plate armour
 21429 | D:13     | Reached skill level 12 in Fighting
 21429 | D:13     | Reached XP level 15. HP: 113/132 MP: 15/15
 21430 | D:13     | Identified a +0 glaive
 21430 | D:13     | Identified a +0 chain mail
 21445 | D:13     | Found a gate to the Vaults.
 21582 | D:13     | Identified a +3 mace
 21582 | D:13     | Identified a +0 leather armour
 21583 | D:13     | Identified a +0 flail
 21583 | D:13     | Identified a +0 plate armour
 21583 | D:13     | Identified a +0 mace of protection
 21603 | D:13     | Identified a +0 shortbow
 21965 | D:14     | Identified a +0 dagger
 21974 | D:14     | Gained Bogdan as an ally
 22103 | D:14     | Identified a +2 scimitar of flaming
 22103 | D:14     | Noticed Azrael
 22110 | D:14     | Killed Azrael
 22288 | D:14     | Found Naul's Assorted Antiques.
 22300 | D:14     | Bought a glowing kite shield for 180 gold pieces
 22300 | D:14     | Bought a scroll labeled XIUGHI GICOXT for 24 gold pieces
 22310 | D:14     | Identified a +1 kite shield of protection (You bought it in
                  | a shop on level 14 of the Dungeon)
 22421 | D:14     | Identified a cursed -2 battleaxe
 22421 | D:14     | Identified a +0 chain mail
 22421 | D:14     | Identified a +0 short sword
 22421 | D:14     | Identified a +0 hand axe
 22421 | D:14     | Identified a +0 giant club
 22421 | D:14     | Identified a +0 giant club
 22421 | D:14     | Identified a +1 short sword of electrocution
 22421 | D:14     | Identified a +0 chain mail
 22442 | D:14     | Identified a +2 helmet of intelligence (You found it on
                  | level 14 of the Dungeon)
 22735 | Orc:1    | Entered Level 1 of the Orcish Mines
 22864 | Orc:1    | Identified a +0 dagger
 22864 | Orc:1    | Identified a +0 robe
 22866 | Orc:1    | Identified a +0 hand axe
 22866 | Orc:1    | Identified a +0 scale mail
 22866 | Orc:1    | Noticed Harold
 22866 | Orc:1    | Identified a +0 giant spiked club
 22866 | Orc:1    | Identified a +0 dagger
 22866 | Orc:1    | Identified a +0 robe
 22867 | Orc:1    | Identified a +0 vorpal double sword
 22867 | Orc:1    | Identified a +1 chain mail of poison resistance
 22867 | Orc:1    | Noticed Urug
 22868 | Orc:1    | Identified a +0 dire flail
 22868 | Orc:1    | Identified a +0 plate armour
 22871 | Orc:1    | Identified a +0 dagger
 22871 | Orc:1    | Identified a +0 robe
 22873 | Orc:1    | Identified a +0 trident
 22873 | Orc:1    | Identified a cursed -3 dire flail
 22873 | Orc:1    | Identified a +0 plate armour
 22874 | Orc:1    | Identified a +0 chain mail
 22877 | Orc:1    | Identified a +0 trident
 22879 | Orc:1    | Killed Harold
 22879 | Orc:1    | Reached skill level 13 in Fighting
 22918 | Orc:1    | Identified a +0 scimitar
 22918 | Orc:1    | Identified a +0 plate armour
 22919 | Orc:1    | Identified a +0 chain mail
 23032 | Orc:2    | Entered Level 2 of the Orcish Mines
 23032 | Orc:2    | Identified a +0 scimitar
 23032 | Orc:2    | Identified a +0 chain mail
 23032 | Orc:2    | Identified a cursed +0 trident
 23032 | Orc:2    | Identified a +0 great sword
 23032 | Orc:2    | Identified a +0 plate armour
 23032 | Orc:2    | Identified a +0 dagger
 23032 | Orc:2    | Identified a +0 robe
 23032 | Orc:2    | Identified a +2 trident of protection
 23032 | Orc:2    | Identified a +0 chain mail
 23032 | Orc:2    | Identified a +0 giant club
 23033 | Orc:2    | Identified a +0 hand axe
 23033 | Orc:2    | Identified a +0 plate armour
 23046 | Orc:2    | Identified a +0 giant spiked club
 23080 | Orc:2    | Identified a +0 giant club
 23083 | Orc:2    | Identified a +0 mace
 23083 | Orc:2    | Identified a +0 plate armour
 23086 | Orc:2    | Identified a +0 trident
 23086 | Orc:2    | Identified a +0 leather armour
 23143 | Orc:2    | Identified a +0 mace
 23143 | Orc:2    | Identified a +0 plate armour
 23143 | Orc:2    | Identified a +0 hand axe
 23143 | Orc:2    | Identified a +0 chain mail
 23144 | Orc:2    | Identified a +0 falchion
 23144 | Orc:2    | Identified a +0 club
 23144 | Orc:2    | Identified a +0 ring mail
 23145 | Orc:2    | Found Suisiffi's General Store.
 23145 | Orc:2    | Identified a +2 dagger of draining
 23145 | Orc:2    | Identified a +0 leather armour
 23146 | Orc:2    | Found Qoentysch's Food Boutique.
 23146 | Orc:2    | Identified a +0 war axe
 23146 | Orc:2    | Identified a +0 chain mail
 23146 | Orc:2    | Identified a cursed -3 hand axe
 23146 | Orc:2    | Identified a +0 hand axe
 23146 | Orc:2    | Identified a +0 club
 23146 | Orc:2    | Identified a +0 mace
 23146 | Orc:2    | Identified a +0 chain mail
 23146 | Orc:2    | Identified a +0 short sword
 23146 | Orc:2    | Identified a +0 leather armour
 23146 | Orc:2    | Identified a +0 mace
 23146 | Orc:2    | Identified a +0 chain mail
 23147 | Orc:2    | Identified a +0 short sword
 23147 | Orc:2    | Identified a +0 dagger
 23147 | Orc:2    | Identified a +0 leather armour
 23147 | Orc:2    | Identified a +0 glaive
 23147 | Orc:2    | Identified a +0 plate armour
 23147 | Orc:2    | Identified a +0 whip
 23147 | Orc:2    | Identified a +0 hand axe
 23147 | Orc:2    | Identified a +0 hand axe
 23147 | Orc:2    | Identified a +0 chain mail
 23147 | Orc:2    | Identified a +0 whip
 23148 | Orc:2    | Identified a +0 flail
 23149 | Orc:2    | Identified a +0 hand axe
 23150 | Orc:2    | Identified a +0 trident
 23150 | Orc:2    | Identified a +0 plate armour
 23158 | Orc:2    | Identified a +0 hand axe
 23158 | Orc:2    | Identified a +0 chain mail
 23167 | Orc:2    | Identified a +0 long sword
 23167 | Orc:2    | Identified a +0 plate armour
 23173 | Orc:2    | Identified a +0 mace
 23173 | Orc:2    | Identified a +0 plate armour
 23174 | Orc:2    | Identified a +0 dagger
 23174 | Orc:2    | Identified a +0 robe
 23174 | Orc:2    | Identified a +0 hand axe
 23174 | Orc:2    | Identified a +0 chain mail
 23174 | Orc:2    | Identified a +0 long sword
 23174 | Orc:2    | Identified a +0 leather armour
 23175 | Orc:2    | Identified a +3 war axe
 23175 | Orc:2    | Identified a +0 arbalest
 23175 | Orc:2    | Identified a +0 plate armour
 23176 | Orc:2    | Identified a +0 short sword
 23178 | Orc:2    | Reached skill level 15 in Armour
 23181 | Orc:2    | Identified a +0 halberd
 23184 | Orc:2    | Identified a +0 battleaxe
 23184 | Orc:2    | Identified a +0 plate armour
 23187 | Orc:2    | Identified a +0 trident
 23198 | Orc:2    | Identified a +0 hand axe
 23198 | Orc:2    | Identified a +0 chain mail
 23201 | Orc:2    | Identified a +0 trident
 23203 | Orc:2    | Identified a +2 hand axe of distortion
 23203 | Orc:2    | Identified a +0 chain mail
 23204 | Orc:2    | Identified a +0 dagger
 23204 | Orc:2    | Identified a +2 robe of resistance
 23204 | Orc:2    | Identified a +0 dagger
 23204 | Orc:2    | Identified a cursed +0 robe
 23204 | Orc:2    | Identified a +0 dagger
 23204 | Orc:2    | Identified a +0 robe
 23206 | Orc:2    | Identified a +0 long sword
 23206 | Orc:2    | Identified a +0 leather armour
 23207 | Orc:2    | Identified a cursed +0 flail
 23208 | Orc:2    | HP: 30/136 [orc warrior/+2 hand axe of distortion (22)]
 23211 | Orc:2    | Identified a +0 trident
 23211 | Orc:2    | Identified a +1 vampiric demon whip
 23211 | Orc:2    | Identified a +0 chain mail
 23213 | Orc:2    | Identified a +0 trident
 23216 | Orc:2    | Identified a +1 demon trident of draining
 23216 | Orc:2    | Identified a +0 scimitar
 23216 | Orc:2    | Identified a +0 scale mail
 23220 | Orc:2    | HP: 28/136 [soul eater/drain life[an orc sorcerer] (16)]
 23221 | Orc:2    | Gained Argrim as an ally
 23222 | Orc:2    | HP: 5/136 [smoke demon/divine providence[an orc high
                  | priest] (10)]
 23223 | Orc:2    | Identified a +1 dire flail
 23223 | Orc:2    | Identified a +0 chain mail
 23226 | Orc:2    | Your ally died
 23230 | Orc:2    | Your ally Argrim died
 23474 | Orc:2    | Identified a +0 dagger
 23474 | Orc:2    | Identified a +0 robe
 23491 | Orc:2    | Identified a +0 dagger
 23491 | Orc:2    | Identified a +0 cloak
 23491 | Orc:2    | Noticed Maurice
 23495 | Orc:2    | Identified a +0 giant spiked club
 23505 | Orc:2    | Killed Maurice
 23515 | Orc:2    | Identified a cursed +0 dagger
 23522 | Orc:2    | Identified a +0 halberd
 23522 | Orc:2    | Identified a +0 chain mail
 23544 | Orc:2    | Found a staircase to the Elven Halls.
 23644 | Orc:2    | Identified a +0 great sword
 23644 | Orc:2    | Identified a +0 plate armour
 23654 | Orc:2    | Found Riamefio's Gadget Shoppe.
 23654 | Orc:2    | Found a one-way gate leading to the halls of Pandemonium.
 23654 | Orc:2    | Found Latuquh's Antique Armour Emporium.
 23654 | Orc:2    | Identified a +0 dagger
 23654 | Orc:2    | Identified a +0 robe
 23654 | Orc:2    | Identified a +2 demon blade of flaming
 23654 | Orc:2    | Identified a cursed -2 leather armour
 24002 | Orc:2    | Bought a pair of embroidered boots for 225 gold pieces
 24013 | Orc:2    | Identified a +0 pair of boots of stealth (You bought it in
                  | a shop on level 2 of the Orcish Mines)
 24137 | Orc:1    | Found Buak's Antique Armour Boutique.
 24150 | Orc:1    | Bought a distressingly furry plate armour for 700 gold
                  | pieces
 24150 | Orc:1    | Bought a glowing helmet for 187 gold pieces
 24165 | Orc:1    | Identified the cursed +0 plate armour of a ziggurat {Str+6
                  | Int+4 Stlth+} (You bought it in a shop on level 1 of the
                  | Orcish Mines)
 24186 | Orc:1    | Identified a cursed +0 helmet (You bought it in a shop on
                  | level 1 of the Orcish Mines)
 24275 | Orc:1    | Identified a cursed -3 giant club
 24276 | Orc:1    | Identified a +0 giant club
 24560 | Swamp:1  | Entered Level 1 of the Swamp
 24596 | Swamp:1  | Identified +0 swamp dragon scales
 24607 | Swamp:1  | Identified +0 swamp dragon scales
 24624 | Swamp:1  | Reached skill level 14 in Fighting
 25540 | Swamp:1  | Noticed a tentacled monstrosity
 25566 | Swamp:1  | Killed a tentacled monstrosity
 25566 | Swamp:1  | Reached skill level 16 in Armour
 25763 | Swamp:1  | Identified Roxanne's Volume of Transmutation
 25763 | Swamp:1  | Noticed Roxanne
 25785 | Swamp:1  | Identified a ring of protection from cold (You found it on
                  | level 1 of the Swamp)
 25827 | Swamp:1  | Killed Roxanne
 25827 | Swamp:1  | Reached XP level 16. HP: 55/147 MP: 16/16
 26205 | Swamp:1  | Identified a scroll of random uselessness
 26443 | Swamp:2  | Identified a +0 spear
 26443 | Swamp:2  | Identified a +0 spear
 26444 | Swamp:2  | Identified a +0 spear
 26477 | Swamp:2  | Reached skill level 15 in Fighting
 26629 | Swamp:2  | Identified a +0 quarterstaff
 26629 | Swamp:2  | Identified a +2 robe of positive energy
 26661 | Swamp:2  | HP: 35/149 [eight-headed hydra[a spriggan druid] (5)]
 26662 | Swamp:2  | HP: 9/149 [swamp worm[a spriggan druid] (14)]
 26669 | Swamp:2  | HP: 26/149 [eight-headed hydra[a spriggan druid] (8)]
 26670 | Swamp:2  | HP: 9/149 [eight-headed hydra[a spriggan druid] (6)]
 26680 | Swamp:2  | HP: 9/149 [eight-headed hydra[a spriggan druid] (1)]
 26681 | Swamp:2  | HP: 2/149 [eight-headed hydra[a spriggan druid] (8)]
 26681 | Swamp:2  | Slain by an eight-headed hydra

Table legend:
 A = Turns spent in this place as a percentage of turns spent in the entire game.
 B = Non-inter-level travel turns spent in this place as a percentage of non-inter-level travel turns spent in the entire game.
 C = Inter-level travel turns spent in this place as a percentage of turns spent in this place.
 D = Turns resting spent in this place as a percentage of non-inter-level travel turns spent in this place.
 E = Turns spent auto-exploring this place as a percentage of non-inter-level travel turns spent in this place.
 F = Non-inter-level travel turns spent in this place divided by the number of levels of this place that you've seen.
                   A       B       C       D       E      F
               +-------+-------+-------+-------+-------+----------------------
         Total | 100.0 | 100.0 |   6.1 |  14.6 |  49.4 | 963.3
       Dungeon |  54.8 |  55.0 |   5.9 |  16.7 |  47.4 | 983.3
          Lair |  27.4 |  27.1 |   7.1 |   7.9 |  62.5 | 1132.2
         Swamp |   7.0 |   7.1 |   3.9 |  24.4 |  38.0 | 893.0
  Orcish Mines |   6.4 |   6.1 |  10.7 |   9.9 |  45.2 | 760.5
        Bailey |   1.5 |   1.6 |   0.0 |   0.0 |   0.0 | 390.0
      Ice Cave |   3.0 |   3.2 |   0.0 |  29.5 |  30.7 | 791.0
               +-------+-------+-------+-------+-------+----------------------

Table legend:
 A = Kills in this place as a percentage of kills in entire the game.
 B = Kills by you in this place as a percentage of kills by you in the entire game.
 C = Kills by friends in this place as a percentage of kills by friends in the entire game.
 D = Other kills in this place as a percentage of other kills in the entire game.
 E = Experience gained in this place as a percentage of experience gained in the entire game.
 F = Experience gained in this place divided by the number of levels of this place that you have seen.
                   A       B       C       D       E      F
               +-------+-------+-------+-------+-------+----------------------
         Total | 100.0 | 100.0 | 100.0 | 100.0 | 100.0 | 5226.4
       Dungeon |  46.0 |  51.7 |  29.4 |  50.0 |  32.1 | 3119.7
          Lair |  31.5 |  24.6 |  52.0 |   0.0 |  33.3 | 7541.7
         Swamp |   9.1 |  12.0 |   0.0 |  50.0 |  20.3 | 13784.5
  Orcish Mines |   7.6 |   3.9 |  18.6 |   0.0 |  10.1 | 6834.0
        Bailey |   2.9 |   3.9 |   0.0 |   0.0 |   0.2 | 323.0
      Ice Cave |   2.9 |   3.9 |   0.0 |   0.0 |   4.0 | 5401.0
               +-------+-------+-------+-------+-------+----------------------

Skill      XL: |  1  2  3  4  5  6  7  8  9 10 11 12 13 14 15 16 |
---------------+-------------------------------------------------+-----
Armour         | 1 2 3 5 7 9 10 12 14 16 | 16.5
Fighting       | 4 5 6 7 8 12 14 15 | 15.2
Axes           | 5 6 7 10 11 12 14 16 18 | 18.0
Shields        | 11 12 13 14 15 | 15.0
Dodging        | |  2.4
Stealth        | |  1.5

Action                   |  1- 3 |  4- 6 |  7- 9 | 10-12 | 13-15 | 16-18 || total
-------------------------+-------+-------+-------+-------+-------+-------++-------
Melee: Hand axe          |    58 |   128 |       |       |       |       ||   186
       War axe           |       |    45 |   372 |   744 |  1313 |   140 ||  2614
       Battleaxe         |       |       |       |       |    38 |       ||    38
       Trident           |       |       |       |       |       |    27 ||    27
Throw: Stone             |     8 |    41 |    65 |    32 |       |    14 ||   160
       Dart              |    38 |    61 |    42 |    13 |    22 |       ||   176
Invok: Convert to Beogh  |       |       |     1 |       |       |       ||     1
       Recall Orcish Fol |       |       |       |     2 |     4 |       ||     6
 Abil: Evoke Flight      |       |       |       |     1 |       |       ||     1
Evoke: Wand              |       |       |     4 |       |     2 |       ||     6
  Use: Scroll            |       |     5 |    17 |     6 |    13 |     2 ||    43
       Potion            |       |     1 |     6 |     2 |     6 |     3 ||    18
 Stab: Sleeping          |       |     1 |       |       |       |       ||     1
       Distracted        |       |       |       |     1 |    18 |       ||    19
       Confused          |       |       |       |       |     3 |       ||     3
       Invisible         |       |       |       |       |     2 |       ||     2
       Paralysed         |       |       |       |       |     2 |       ||     2
  Eat: Chunk             |       |     7 |     6 |    11 |    29 |     4 ||    57
       Ration            |       |       |     2 |     3 |     3 |       ||     8
Armor: Robe              |    10 |    10 |       |       |       |       ||    20
       Ring mail         |       |     5 |     7 |       |       |       ||    12
       Chain mail        |       |       |   164 |     2 |       |       ||   166
       Skin              |       |       |     4 |       |       |       ||     4
       Gold dragon scale |       |       |       |   250 |   552 |   166 ||   968
Dodge: Dodged            |    42 |   102 |   217 |   107 |   365 |   102 ||   935
Block: Kite shield       |       |       |   114 |   372 |   779 |   177 ||  1442

Vanquished Creatures
  A tentacled monstrosity (Swamp:1)
  Frances (D:13)
  Roxanne (Swamp:1)
  Josephine (Lair:6)
  Harold (Orc:1)
  2 vault guards (D:13)
  3 hydras
  2 ice dragons (IceCv)
  4 alligators
  2 two-headed ogres
  4 death yaks
  A tengu warrior (D:12)
  A gelid demonspawn (Orc:2)
  2 orc knights
  8 swamp dragons
  Pikel (D:6)
  4 ugly things
  2 orc sorcerers
  A wolf spider zombie (D:12)
  A deep elf mage (D:12)
  2 cyclopes
  2 centaur zombies
  2 ice statues (IceCv)
  An elephant (Lair:5)
  3 black mambas
  An orange demon (Orc:2)
  Joseph (D:7)
  A smoke demon (Orc:2)
  2 gargoyles (D:13)
  9 spiny frogs
  A torpor snail (Lair:2)
  A komodo dragon (D:14)
  3 rime drakes
  3 tengu conjurers
  An ice devil (Orc:2)
  A red devil (Orc:2)
  2 trolls
  6 hornets
  A polar bear (Lair:6)
  5 tyrant leeches
  2 meliai zombies
  6 blink frogs
  4 bog bodies
  12 slime creatures
  7 hippogriffs
  3 dream sheep
  A shadow (D:11)
  26 yaks
  8 spriggans
  4 wraiths
  A fire elemental (D:14)
  3 wyverns
  10 swamp worms
  9 insubstantial wisps (Swamp:1)
  4 nagas (Lair:2)
  7 water moccasins
  2 porcupines (Lair:2)
  Duvessa (D:7)
  A hell hound (D:14)
  3 swamp drakes
  10 orc warriors
  3 sky beasts
  4 black bears
  4 slaves (D:6)
  18 ice beasts
  10 ogres
  4 phantoms
  An eye of draining (D:11)
  A necrophage (D:9)
  4 boggarts (Lair:6)
  7 centaurs
  22 wolves
  7 crocodiles
  A big kobold (D:9)
  Blork the orc (D:4)
  12 bullfrogs
  A wyvern zombie (D:12)
  Dowan (D:7)
  4 scorpions
  2 wights (D:9)
  2 howler monkeys (D:11)
  A quasit (D:6)
  7 crimson imps
  A bullfrog zombie (D:11)
  A bullfrog skeleton (D:11)
  3 jellies
  A centaur skeleton (D:11)
  4 orc priests
  3 hounds
  5 human zombies (D:9)
  4 iguanas
  Natasha (thrice) (D:3)
  7 orc wizards
  8 worker ants
  A hell rat (Lair:2)
  A killer bee zombie (D:3)
  A hound zombie (D:10)
  2 mummies (D:9)
  A hound skeleton (D:8)
  A worker ant zombie (D:7)
  A gnoll (Bailey)
  10 adders
  5 river rats (Lair:2)
  2 shadow imps
  2 oozes
  An adder zombie (D:5)
  3 worms
  A dart slug (D:3)
  2 leopard geckos
  28 orcs
  2 giant cockroaches
  13 goblins
  8 hobgoblins
  11 jackals
  7 quokkas
  4 bats
  5 frilled lizards
  A jackal skeleton (D:5)
  21 kobolds
  A leopard gecko skeleton (D:6)
  An orc zombie (D:9)
  3 quokka skeletons
  9 rats
  2 fungi (Lair:6)
  4 plants
526 creatures vanquished.

Vanquished Creatures (collateral kills)
  Azrael (D:14)
  2 vault guards (D:13)
  8 hydras
  A centaur warrior (D:13)
  The ghost of MalarOregon the Thaumaturge, a novice DrCj of Wu Jian (D:10)
  A death knight (D:13)
  2 two-headed ogres
  4 death yaks (Lair:6)
  4 orc high priests (Orc:2)
  Sonja (Lair:1)
  2 gelid demonspawn (Orc:2)
  3 orc knights (Orc:2)
  A deep elf mage (D:14)
  2 ugly things (D:14)
  A wolf spider (D:14)
  4 orc sorcerers (Orc:2)
  A cyclops (D:14)
  2 manticores (D:12)
  6 black mambas
  Maurice (Orc:2)
  A guardian serpent (D:14)
  9 spiny frogs
  2 rime drakes (Lair:1)
  5 komodo dragons
  A kobold demonologist (D:13)
  An ice devil (Orc:2)
  A red devil (Orc:2)
  5 trolls
  A hornet (Lair:6)
  A polar bear (Lair:6)
  3 blink frogs (Lair:3)
  2 hippogriffs (Lair:6)
  6 slime creatures (D:14)
  5 dream sheep (Lair:6)
  4 spriggans (Lair:6)
  A human (D:13)
  10 yaks
  2 fire elementals (D:14)
  A basilisk (Lair:1)
  A neqoxec (Orc:2)
  A swamp worm (D:11)
  2 wargs (Orc:2)
  2 nagas (Lair:2)
  5 water moccasins
  An acid dragon (D:14)
  2 hell hounds (D:14)
  2 porcupines
  9 orc warriors
  2 black bears
  A sky beast (D:10)
  A boggart (Lair:6)
  3 ogres
  11 wolves
  5 crocodiles
  A big kobold (D:11)
  A bullfrog (Lair:5)
  A scorpion (D:11)
  A howler monkey (D:11)
  A crimson imp (D:14)
  An orc priest (Orc:2)
  2 orc wizards
  A river rat (Lair:2)
  10 orcs
  5 rats (Lair:2)
  A bush (Lair:1)
  3 fungi
  5 plants
190 creatures vanquished.

Vanquished Creatures (others)
  Erolcha (D:11)
  Urug (Orc:2)
  An alligator (Swamp:1)
  11 orc warriors
  2 orc knights (Orc:2)
  2 orc sorcerers (Orc:2)
  A centaur zombie (D:14)
  14 orc priests
  5 orc wizards
  45 orcs
  2 fungi (Lair:5)
  3 plants
88 creatures vanquished.

Grand Total: 804 creatures vanquished
